 Dungeon Crawl Stone Soup version 0.19.5 (webtiles) character file.

66 Rrauwl the Firebug (level 4, -2/36 HPs)
             Began as a Hill Orc Fire Elementalist on Mar 11, 2017.
             Slain by a gnoll
             ... wielding a +2 dagger of protection
              (4 damage)
             ... on level 2 of the Dungeon.
             The game lasted 00:09:36 (1977 turns).

Rrauwl the Firebug (Hill Orc Fire Elementalist)     Turns: 1977, Time: 00:09:37

Health: -2/36      AC:  2    Str: 10    XL:     4   Next: 15%
Magic:  0/7        EV: 12    Int: 16    God:
Gold:   71         SH:  3    Dex: 11    Spells: 1 memorised, 6 levels left

rFire  . . .     SeeInvis .     e - +0 dagger
rCold  . . .     Gourm    .     a - +0 robe
rNeg   . . .     Faith    .     (no shield)
rPois  .         Spirit   .     (no helmet)
rElec  .         Reflect  +     (no cloak)
rCorr  .         Harm     .     (no gloves)
MR     .....                    (no boots)
Stlth  ++........               h - +3 amulet of reflection
                                (no ring)
                                (no ring)

@: no status effects
A: no striking features
a: no special abilities


You were on level 2 of the Dungeon.
You were hungry.

You visited 1 branch of the dungeon, and saw 2 of its levels.

You collected 71 gold pieces.

Inventory:

Hand Weapons
 e - a +0 dagger (weapon)
Armour
 a - a +0 robe (worn)
Jewellery
 h - a +3 amulet of reflection (around neck)
Scrolls
 g - a scroll of enchant weapon
 i - a scroll of amnesia
 k - a scroll of teleportation
 l - 2 scrolls of identify
Books
 b - a book of Flames

   Spells                             Type                      Level
   a - Flame Tongue                   Conjuration/Fire             1
   b - Throw Flame                    Conjuration/Fire             2
   c - Conjure Flame                  Conjuration/Fire             3
   d - Inner Flame                    Hexes/Fire                   3
   e - Sticky Flame                   Conjuration/Fire             4
   f - Fireball                       Conjuration/Fire             5
Comestibles
 c - a bread ration
 d - a royal jelly
 j - 5 chunks of flesh


   Skills:
 + Level 2.0 Fighting
 + Level 0.2 Armour
 - Level 2.0 Dodging
 - Level 2.0 Stealth
 - Level 2.0 Spellcasting
 + Level 1.6 Conjurations
 + Level 3.5 Fire Magic


You had 6 spell levels left.
You knew the following spells:

 Your Spells              Type           Power        Failure   Level  Hunger
a - Flame Tongue          Conj/Fire      #....        10%         1    #......


Dungeon Overview and Level Annotations

Branches:
Dungeon (2/15)

Altars:


Message History

* * * LOW HITPOINT WARNING * * *
You feel better.
The gnoll hits you with a dagger of protection.
* * * LOW HITPOINT WARNING * * *
Your magical contamination has completely faded away.
There is an open door here.
Casting: Flame Tongue
Confirm with . or Enter, or press ? or * to list all spells.
Aiming: Flame Tongue
Press: ? - help, Shift-Dir - straight line, f/p - gnoll
Aim: a gnoll, wielding a dagger of protection and wearing a ring mail (severely wounded)
The flame tongue hits the gnoll.
The gnoll appears unharmed.
The gnoll is severely wounded.
You block the gnoll's attack.
A rat comes into view.
Found a leather armour.
The gnoll hits you with a dagger of protection!
* * * LOW HITPOINT WARNING * * *
The gnoll hits you with a dagger of protection.
You die...

#...#.# #.#.#
##..#.# #.#.#
#..#.# #.#.#
##.#.# #.#.#
#.#.# #.#.#
##.#.# #.#.#
...... ..#.#
... #.# ..
####@###
...#.##..g...#
.............#
..#.##......#
#r.....#
.............#
##.#[##......#
# ########


You could see a gnoll and a rat.

Vanquished Creatures
  2 gnolls (D:2)
  A worm (D:2)
  3 dart slugs
  7 goblins
  5 hobgoblins
  3 jackals (D:1)
  2 kobolds (D:2)
  2 quokkas (D:2)
  2 bats
  2 frilled lizards
  8 rats
37 creatures vanquished.

Notes
Turn   | Place    | Note
-------+----------+-------------------------------------------
     0 | D:1      | Rrauwl the Hill Orc Fire Elementalist began the quest for the Orb.
     0 | D:1      | Reached XP level 1. HP: 14/14 MP: 3/3
   262 | D:1      | Reached XP level 2. HP: 17/22 MP: 2/4
   582 | D:1      | Reached skill level 1 in Fighting
   847 | D:1      | Learned a level 1 spell: Flame Tongue
  1108 | D:2      | Reached XP level 3. HP: 28/28 MP: 5/5
  1865 | D:2      | Reached XP level 4. HP: 35/36 MP: 0/7
  1977 | D:2      | Slain by a gnoll

Skill      XL: |  1  2  3 |
---------------+----------+-----
Fighting       | 1 2 |  2.0
Stealth        | 2 |  2.0
Spellcasting   | 2 |  2.0
Dodging        | 2 |  2.0
Armour         | |  0.2
Conjurations   | |  1.6
Fire Magic     | |  3.5

Action                   |  1- 3 |  4- 6 || total
-------------------------+-------+-------++-------
Melee: Dagger            |    90 |    12 ||   102
       Unarmed           |     1 |       ||     1
 Cast: Flame Tongue      |    41 |    10 ||    51
  Use: Scroll            |     6 |       ||     6
       Potion            |     1 |     1 ||     2
 Stab: Sleeping          |     3 |       ||     3
  Eat: Chunk             |     4 |       ||     4
Armor: Robe              |    20 |       ||    20
Dodge: Dodged            |    45 |     6 ||    51
Block: Other             |     4 |     3 ||     7
